[Event "ICC Open 2015"]
[Site "Internet Chess Club"]
[Date "2015.05.29"]
[Round "5"]
[White "Talion"]
[Black "DarkThrone"]
[Result "1-0"]
[ICCResult "Black resigns"]
[WhiteElo "2892"]
[BlackElo "2390"]
[Opening "Queen's pawn, Mason variation, Steinitz counter-gambit"]
[ECO "D00"]
[NIC "QP.08"]
[Time "20:08:36"]
[TimeControl "180+0"]

1. d4 d5 2. Bf4 c5 3. e3 Nc6 4. c3 Nf6 5. Nd2 Qb6 6. Qb3 c4 7. Qc2 Bg4 8.
Be2 Bxe2 9. Nxe2 e6 10. O-O Be7 11. e4 O-O 12. e5 Nd7 13. Be3 Qd8 14. f4 g6
15. Nf3 f5 16. exf6 Nxf6 17. Kh1 Ne4 18. Ng3 Nxg3+ 19. hxg3 b5 20. a3 a5 21.
Rae1 b4 22. a4 b3 23. Qe2 Qd7 24. g4 Nd8 25. f5 gxf5 26. Bh6 Qxa4 27. Bxf8
Bxf8 28. gxf5 Ra6 29. f6 Nf7 30. Ne5 Nxe5 31. dxe5 Qd7 32. f7+ Kh8 33. Qg4
{Black resigns}
1-0

[Event "ICC Open 2015"]
[Site "Internet Chess Club"]
[Date "2015.05.29"]
[Round "5"]
[White "weezil"]
[Black "slothchess"]
[Result "1-0"]
[ICCResult "Black checkmated"]
[WhiteElo "1959"]
[BlackElo "1475"]
[Opening "Trompowsky attack (Ruth, Opocenský opening)"]
[ECO "A45"]
[NIC "QP.07"]
[Time "20:08:02"]
[TimeControl "180+0"]

1. d4 Nf6 2. Bg5 Ne4 3. Bh4 c5 4. f3 Qa5+ 5. c3 Nf6 6. e3 cxd4 7. exd4 e6 8.
Nd2 Be7 9. Bd3 Nc6 10. f4 d5 11. Ngf3 Qc7 12. Ne5 Nxe5 13. fxe5 Ng8 14. Bxe7
Nxe7 15. O-O Ng6 16. Qg4 Qe7 17. Nf3 Bd7 18. Ng5 O-O 19. Qh5 h6 20. Nxf7 Nh8
21. Nxh8 Rxf1+ 22. Rxf1 Be8 23. Qf3 Kxh8 24. Qf8+ Qxf8 25. Rxf8#
{Black checkmated}
1-0

[Event "ICC Open 2015"]
[Site "Internet Chess Club"]
[Date "2015.05.29"]
[Round "5"]
[White "Zigfrid"]
[Black "aplusk"]
[Result "1/2-1/2"]
[ICCResult "Game drawn by mutual agreement"]
[WhiteElo "3078"]
[BlackElo "2857"]
[Opening "QGD Slav: Carlsbad variation"]
[ECO "D17"]
[NIC "SL.04"]
[Time "20:08:41"]
[TimeControl "180+0"]

1. d4 d5 2. c4 c6 3. Nf3 Nf6 4. Nc3 dxc4 5. a4 Bf5 6. Ne5 Nbd7 7. Nxc4 Qc7
8. g3 e5 9. dxe5 Nxe5 10. Bf4 Nfd7 11. Bg2 g5 12. Ne3 gxf4 13. Nxf5 O-O-O
14. Qc2 Nc5 15. O-O fxg3 16. hxg3 a5 17. Rfd1 h5 18. e3 Kb8 19. Rd4 Be7 20.
Rad1 Bf6 21. Rxd8+ Rxd8 22. Rxd8+ Qxd8 23. Ne4 Nxe4 24. Bxe4 h4 25. gxh4
Qg8+ 26. Kf1 Qg4 27. f4 Ng6 28. Qe2 Qh3+ 29. Qg2 Qxg2+ 30. Kxg2 Nxh4+ 31.
Nxh4 Bxh4 32. b3 {Game drawn by mutual agreement} 1/2-1/2

[Event "ICC Open 2015"]
[Site "Internet Chess Club"]
[Date "2015.05.29"]
[Round "5"]
[White "ural"]
[Black "FedoseevVl95"]
[Result "0-1"]
[ICCResult "White resigns"]
[WhiteElo "2508"]
[BlackElo "3051"]
[Opening "Robatsch (modern) defense"]
[ECO "B06"]
[NIC "KF.06"]
[Time "20:08:05"]
[TimeControl "180+0"]

1. e4 g6 2. Nc3 Bg7 3. h4 c5 4. h5 Nc6 5. Bc4 Na5 6. Be2 d6 7. d3 Rb8 8. Bg5
h6 9. Be3 Qb6 10. Na4 Qc6 11. b3 b5 12. hxg6 bxa4 13. gxf7+ Kxf7 14. Rb1 Nf6
15. Bh5+ Kg8 16. Ne2 axb3 17. axb3 Nxh5 18. Rxh5 Qe8 19. Nf4 Nc6 20. Qf3 Nd4
21. Bxd4 cxd4 22. Ra1 Rb7 23. Qg3 e5 24. Ng6 Rh7 25. Ra6 Rd7 26. Rc6 Bb7 27.
Rc4 Rf7 28. Rf5 Rxf5 29. exf5 Bf6 30. Nxe5+ Rg7 {White resigns} 0-1

[Event "ICC Open 2015"]
[Site "Internet Chess Club"]
[Date "2015.05.29"]
[Round "5"]
[White "kurumania"]
[Black "EpicEffects"]
[Result "1-0"]
[ICCResult "Black resigns"]
[WhiteElo "2773"]
[BlackElo "2300"]
[Opening "Benoni: Taimanov variation"]
[ECO "A67"]
[NIC "BI.33"]
[Time "20:08:12"]
[TimeControl "180+0"]

1. d4 Nf6 2. c4 c5 3. d5 e6 4. Nc3 exd5 5. cxd5 d6 6. e4 g6 7. f4 Bg7 8.
Bb5+ Nfd7 9. Nf3 a6 10. Bd3 b5 11. a3 O-O 12. O-O c4 13. Bc2 Nc5 14. Qe1 Bg4
15. Be3 Bxf3 16. Rxf3 Nbd7 17. h4 h5 18. Rd1 Re8 19. f5 Ne5 20. Rf1 Ncd3 21.
Qg3 Nxb2 22. Bg5 Qb6+ 23. Kh1 Ng4 24. f6 Nxd1 25. Bxd1 Bf8 26. Bxg4 hxg4 27.
Qxg4 Qd4 28. Rf3 Re5 29. h5 Rae8 30. hxg6 Rxe4 31. gxf7+ Kxf7 32. Qh5+ Kg8
33. Qg6+ Kh8 34. Rh3+ {Black resigns} 1-0

[Event "ICC Open 2015"]
[Site "Internet Chess Club"]
[Date "2015.05.29"]
[Round "5"]
[White "fundador"]
[Black "born2die"]
[Result "1-0"]
[ICCResult "Black resigns"]
[WhiteElo "1422"]
[BlackElo "1662"]
[Opening "Queen's pawn game, Darooha variation "]
[ECO "D02"]
[NIC "QP.06"]
[Time "20:08:25"]
[TimeControl "180+0"]

1. Nf3 Nf6 2. d4 d5 3. c4 Bg4 4. Nc3 e6 5. h3 Bh5 6. Bf4 c6 7. Rc1 Qa5 8.
Qa4 Bb4 9. Qxa5 Bxa5 10. cxd5 exd5 11. a3 Ne4 12. b4 Nxc3 13. Rxc3 Bd8 14.
g4 Bg6 15. Ne5 Bf6 16. Nxg6 hxg6 17. Be5 Nd7 18. Bxf6 Nxf6 19. Bg2 Kd7 20.
f3 g5 21. e4 Rae8 22. Re3 dxe4 23. fxe4 Nd5 24. Rf3 Nf4 25. Kf2 Rxe4 26. Re3
Rhe8 27. Rxe4 Nd3+ 28. Ke3 Rxe4+ 29. Bxe4 Nf4 30. h4 Ne6 31. Bf5 Kd6 32.
Bxe6 Kxe6 33. h5 {Black resigns} 1-0

[Event "ICC Open 2015"]
[Site "Internet Chess Club"]
[Date "2015.05.29"]
[Round "5"]
[White "hatorade"]
[Black "MasterZachary"]
[Result "0-1"]
[ICCResult "White resigns"]
[WhiteElo "1877"]
[BlackElo "2205"]
[Opening "Réti accepted"]
[ECO "A09"]
[NIC "RE.18"]
[Time "20:08:02"]
[TimeControl "180+0"]

1. Nf3 d5 2. c4 dxc4 3. Na3 a6 4. Nxc4 b5 5. Na5 c5 6. b4 cxb4 7. Qc2 Bg4 8.
Qe4 Ra7 9. Qxg4 Qxa5 10. Qc8+ Qd8 11. Qxd8+ Kxd8 12. g3 e6 13. Bg2 Be7 14.
Bb2 Bf6 15. d4 Rd7 16. e3 Nc6 17. O-O Na5 18. Rab1 Nc4 19. Bc1 a5 20. Nd2
Ne7 21. Nb3 Nd5 22. Nc5 Rc7 23. Bb2 Nxb2 24. Rxb2 Rxc5 25. dxc5 Bxb2 26. Rd1
Kc7 27. Bxd5 exd5 28. Rxd5 Kc6 29. Rf5 f6 30. Kf1 g6 31. Rf4 Kxc5
{White resigns}
0-1

[Event "ICC Open 2015"]
[Site "Internet Chess Club"]
[Date "2015.05.29"]
[Round "5"]
[White "blackjack721"]
[Black "dondoctor"]
[Result "0-1"]
[ICCResult "White checkmated"]
[WhiteElo "1437"]
[BlackElo "2012"]
[Opening "French defense"]
[ECO "C00"]
[NIC "FR.01"]
[Time "20:08:24"]
[TimeControl "180+0"]

1. e4 e6 2. g3 d5 3. e5 c5 4. c3 Nc6 5. f4 Nh6 6. Ne2 Nf5 7. Bg2 h5 8. d4
cxd4 9. cxd4 Qb6 10. Nbc3 Ncxd4 11. Be3 Nxe3 12. Nxd4 Nxd1 13. Rxd1 Qxb2 14.
Nce2 Bb4+ 15. Kf2 Bd7 16. Kf3 Qa3+ 17. Kf2 O-O 18. Bf3 g6 19. h3 Rfc8 20. g4
h4 21. f5 g5 22. fxe6 fxe6 23. Kg2 Bc5 24. Rd2 Rf8 25. Rhd1 Qe3 26. Rd3 Qxe5
27. Nc3 Qg3+ 28. Kf1 Bxd4 29. Ne2 Qf2# {White checkmated} 0-1

[Event "ICC Open 2015"]
[Site "Internet Chess Club"]
[Date "2015.05.29"]
[Round "5"]
[White "Federicov"]
[Black "Discoverchess"]
[Result "1-0"]
[ICCResult "Black resigns"]
[WhiteElo "3111"]
[BlackElo "2464"]
[Opening "French: Steinitz, Boleslavsky variation"]
[ECO "C11"]
[NIC "FR.04"]
[Time "20:09:07"]
[TimeControl "180+0"]

1. e4 e6 2. d4 d5 3. Nc3 Nf6 4. e5 Nfd7 5. f4 c5 6. Nf3 Nc6 7. Be3 Be7 8.
Qd2 O-O 9. Be2 f6 10. exf6 Nxf6 11. O-O Ng4 12. Kh1 Nxe3 13. Qxe3 Bf6 14.
Qd3 cxd4 15. Nb5 Qb6 16. c3 dxc3 17. bxc3 a6 18. Nbd4 Nxd4 19. cxd4 Bd7 20.
Qe3 Qd6 21. Rab1 b5 22. Ne5 Rac8 23. Bd3 Bxe5 24. fxe5 Rxf1+ 25. Rxf1 Qe7
26. Qh3 h6 27. Qf3 Rf8 28. Qxf8+ Qxf8 29. Bh7+ Kxh7 30. Rxf8 b4 31. Rd8 Bb5
32. Rd6 Bc4 33. Rxe6 Bxa2 34. Rxa6 Bc4 35. Rb6 b3 36. Kg1 Kg8 37. Kf2 Kf7
38. Ke3 Ke7 39. Kd2 Kd7 40. Kc3 Ke7 41. g4 Kf7 42. h4 Ke7 43. g5 hxg5 44.
hxg5 Kf7 45. Rxb3 Bxb3 46. Kxb3 Kg6 47. e6 Kxg5 48. e7 {Black resigns} 1-0

[Event "ICC Open 2015"]
[Site "Internet Chess Club"]
[Date "2015.05.29"]
[Round "5"]
[White "Shafkat"]
[Black "manta2"]
[Result "1-0"]
[ICCResult "Black forfeits on time"]
[WhiteElo "1574"]
[BlackElo "1292"]
[Opening "Sicilian: Taimanov variation"]
[ECO "B45"]
[NIC "SI.39"]
[Time "20:08:21"]
[TimeControl "180+0"]

1. e4 c5 2. Nf3 e6 3. d4 cxd4 4. Nxd4 Nc6 5. Nc3 Bb4 6. Ne2 Nf6 7. Bd2 O-O
8. a3 Ba5 9. b4 Bc7 10. g3 d5 11. exd5 Nxd5 12. Bg2 Be5 13. Rb1 Nd4 14. Nxd4
Bxd4 15. Nxd5 exd5 16. O-O Qb6 17. c3 Bf6 18. Be3 Qc7 19. Qd3 g6 20. Bd4 Bf5
21. Qd2 Bxb1 22. Rxb1 Bxd4 23. Qxd4 Rad8 24. h4 Qd7 25. h5
{Black forfeits on time}
1-0

[Event "ICC Open 2015"]
[Site "Internet Chess Club"]
[Date "2015.05.29"]
[Round "5"]
[White "ILYMJPDL"]
[Black "maly"]
[Result "0-1"]
[ICCResult "White resigns"]
[WhiteElo "1976"]
[BlackElo "2605"]
[Opening "Caro-Kann defense"]
[ECO "B12"]
[NIC "CK.02"]
[Time "20:08:22"]
[TimeControl "180+0"]

1. e4 c6 2. d4 d5 3. c4 dxe4 4. Nc3 Nf6 5. Bg5 Nbd7 6. g3 h6 7. Bxf6 Nxf6 8.
Bg2 Bf5 9. Nge2 e6 10. O-O Be7 11. Re1 O-O 12. Nf4 g5 13. Nfe2 Qb6 14. Qd2
Rfd8 15. Rad1 c5 16. d5 exd5 17. Nxd5 Nxd5 18. cxd5 Bg6 19. Nc3 f5 20. f3
Bf6 21. fxe4 Bd4+ 22. Kh1 Re8 23. exf5 Bxf5 24. b3 Qb4 25. Ne2 Qxd2 26. Rxd2
Bc3 27. Red1 Bxd2 28. Rxd2 Rad8 29. Kg1 Rd6 30. Nc3 a6 31. Na4 b6 32. Nc3
Kg7 33. Kf2 Kg6 34. Ne2 Be4 35. Nc3 Bxg2 36. Kxg2 Re3 37. Rc2 Rd3 38. Kf2
Kf5 39. Ke2 Rd4 40. Ke3 Ke5 41. Rf2 Rf6 42. Re2 Rf1 43. a4 Kd6 44. Rc2 Rfd1
45. Ke2 R1d3 46. Kf2 Rd2+ 47. Rxd2 Rxd2+ 48. Ke3 Rxd5 49. Nxd5 Kxd5 50. Kd3
b5 51. axb5 axb5 52. h3 h5 53. g4 h4 54. Ke3 c4 55. b4 Ke5 {White resigns}
0-1

[Event "ICC Open 2015"]
[Site "Internet Chess Club"]
[Date "2015.05.29"]
[Round "5"]
[White "chabotheking"]
[Black "Mardaker"]
[Result "1-0"]
[ICCResult "Black checkmated"]
[WhiteElo "2382"]
[BlackElo "2730"]
[Opening "Sicilian: closed"]
[ECO "B23"]
[NIC "SI.44"]
[Time "20:09:17"]
[TimeControl "180+0"]

1. e4 c5 2. Nc3 a6 3. g4 b5 4. Bg2 Bb7 5. d3 e6 6. Nh3 Ne7 7. O-O Nbc6 8. f4
Nd4 9. Ne2 Nxe2+ 10. Qxe2 Qc7 11. f5 e5 12. a4 b4 13. g5 f6 14. gxf6 gxf6
15. Qh5+ Kd8 16. Nf2 a5 17. Ng4 Qb6 18. Kh1 Rg8 19. h3 Kc7 20. Be3 Rc8 21.
Qh4 Bg7 22. Nxe5 Nxf5 23. Rxf5 fxe5 24. Qxh7 Kb8 25. Raf1 Qe6 26. Rf7 Rh8
27. Qxg7 Rxh3+ 28. Kg1 Rxe3 29. R1f6 Qa2 30. Rxd7 Bc6 31. Rxc6 Rxc6 32. Qf8+
Rc8 33. Qd6+ Ka8 34. Qa6+ Kb8 35. Qb7# {Black checkmated} 1-0

[Event "ICC Open 2015"]
[Site "Internet Chess Club"]
[Date "2015.05.29"]
[Round "5"]
[White "ErnestoRondon"]
[Black "chessfidebullet"]
[Result "1-0"]
[ICCResult "Black forfeits on time"]
[WhiteElo "1861"]
[BlackElo "1144"]
[Opening "Damiano's defense"]
[ECO "C40"]
[NIC "KP.10"]
[Time "20:08:00"]
[TimeControl "180+0"]

1. e4 e5 2. Nf3 f6 3. Nxe5 fxe5 4. Qh5+ Ke7 5. Qxe5+ Kf7 6. Bc4+ d5 7. Bxd5+
Kg6 8. Qg3+ Qg5 9. Qxg5+ Kxg5 10. d4+ Kf6 11. e5+ Ke7 12. Bg5+ Kd7 13. Nc3
Be7 14. Bf4 c6 15. Bf3 Bd8 16. O-O-O Ne7 17. d5 Ke8 18. d6 Ng6 19. Bg3 Kf7
20. Be4 Rf8 21. f4 Kg8 22. Rhf1 Re8 23. Bf3 Nf8 24. Be2 Nbd7 25. Bc4+ Kh8
26. Rfe1 Ne6 27. f5 Ng5 28. e6 Nf6 29. d7 Bxd7 30. exd7 Rxe1 31. Rxe1 Bb6
32. Bh4 Nxd7 33. Bxg5 Nf6 34. Bxf6 gxf6 35. Re7 Bg1 36. h3 Bh2 37. Be6 Rd8
38. b3 Be5 39. Ne4 Bf4+ 40. Kb2 Be5+ 41. c3 b5 42. g4 b4 43. Kc2 bxc3 44.
Nxc3 Rd4 45. Rxa7 Rf4 46. b4 Rf3 47. Ne4 Re3 48. Nc5 Re2+ 49. Kd3 Rf2 50.
Nd7 Rf3+ 51. Ke4 {Black forfeits on time} 1-0

[Event "ICC Open 2015"]
[Site "Internet Chess Club"]
[Date "2015.05.29"]
[Round "5"]
[White "chigamaster"]
[Black "akibael"]
[Result "1-0"]
[ICCResult "Black resigns"]
[WhiteElo "2890"]
[BlackElo "2418"]
[Opening "Neo-Grünfeld, 6.O-O c6"]
[ECO "D79"]
[NIC "VO.09"]
[Time "20:08:44"]
[TimeControl "180+0"]

1. g3 d5 2. Bg2 Nf6 3. Nf3 c6 4. d4 g6 5. O-O Bg7 6. c4 O-O 7. cxd5 Nxd5 8.
e4 Nb6 9. h3 Na6 10. Nc3 c5 11. d5 Nc4 12. Qe2 Ne5 13. Nxe5 Bxe5 14. Be3 b6
15. f4 Bd4 16. Rad1 Bxe3+ 17. Qxe3 Nc7 18. e5 Rb8 19. d6 exd6 20. exd6 Ne6
21. Nd5 Bd7 22. f5 Nd4 23. f6 Kh8 24. Qh6 Rg8 25. Ne7 Be6 26. Nxg8 Qxg8 27.
Kh2 Rd8 28. Qf4 Qf8 29. Rxd4 cxd4 30. Qxd4 Qxd6 31. Qh4 Bxa2 32. Rf4 Qf8 33.
Qg5 Bd5 34. Bxd5 Qc5 35. Qh6 {Black resigns} 1-0

[Event "ICC Open 2015"]
[Site "Internet Chess Club"]
[Date "2015.05.29"]
[Round "5"]
[White "want2win"]
[Black "ibarra"]
[Result "1-0"]
[ICCResult "Black checkmated"]
[WhiteElo "2395"]
[BlackElo "2793"]
[Opening "Réti: King's Indian attack"]
[ECO "A05"]
[NIC "KI.79"]
[Time "20:08:35"]
[TimeControl "180+0"]

1. Nf3 Nf6 2. g3 g6 3. Bg2 Bg7 4. O-O O-O 5. c4 d6 6. d4 Nc6 7. d5 Na5 8.
Nfd2 Bf5 9. e4 Bg4 10. Qc2 c5 11. Nc3 a6 12. Rb1 Qc7 13. b3 Rab8 14. Bb2 b5
15. Nd1 Bxd1 16. Rfxd1 e5 17. dxe6 fxe6 18. Bc3 Nc6 19. Nf3 e5 20. Ng5 Qe7
21. Bh3 Nd4 22. Bxd4 cxd4 23. Ne6 Rf7 24. Nxg7 Kxg7 25. Rbc1 b4 26. f3 Nd7
27. Bg2 Nc5 28. Qe2 a5 29. Qc2 Ra8 30. Qd2 Ra7 31. f4 Qf8 32. Rf1 a4 33.
Qxb4 Nd3 34. Qd2 Nxc1 35. Qxc1 axb3 36. axb3 Rab7 37. Qd1 Qb8 38. Rf3 Rb6
39. Bf1 Rfb7 40. c5 Rxb3 41. Rxb3 Rxb3 42. cxd6 Rb1 43. Qd3 Qxd6 44. Qxb1
exf4 45. Qd3 fxg3 46. hxg3 Qe5 47. Kg2 h5 48. Qf3 Qd6 49. Bd3 Qa3 50. e5
Qb2+ 51. Kh3 Qb8 52. Qf6+ Kg8 53. Bxg6 Qa8 54. Qf7+ Kh8 55. Qh7#
{Black checkmated}
1-0

[Event "ICC Open 2015"]
[Site "Internet Chess Club"]
[Date "2015.05.29"]
[Round "5"]
[White "OuttaShape"]
[Black "nexxter"]
[Result "1-0"]
[ICCResult "Black forfeits on time"]
[WhiteElo "2125"]
[BlackElo "1078"]
[Opening "Sicilian: accelerated fianchetto, modern variation with Bc4"]
[ECO "B35"]
[NIC "SI.33"]
[Time "20:08:18"]
[TimeControl "180+0"]

1. e4 c5 2. Nf3 Nc6 3. d4 cxd4 4. Nxd4 g6 5. Nc3 Bg7 6. Be3 Nf6 7. Bc4 O-O
8. Bb3 Nxd4 9. Bxd4 d6 10. Qd2 Qc7 11. Bxf6 Bxf6 12. Nd5 Qd7 13. Nxf6+ exf6
14. O-O-O Qg4 15. f3 Qd7 16. Qxd6 Qxd6 17. Rxd6 Kg7 18. g4 b6 19. Rhd1 Ba6
20. Kd2 Rfe8 21. Rd7 Rf8 22. Ke3 Bb5 23. Rc7 a5 24. a4 Ba6 25. Rdd7 Bc8 26.
Rxf7+ Rxf7 27. Rxf7+ Kh6 28. Rf8 Bb7 29. Rxa8 Bxa8 30. Bd5 Bxd5 31. exd5 Kg7
32. Kd4 Kf7 33. c3 Ke7 34. b4 Kd6 35. bxa5 bxa5 36. c4 f5 37. c5+ Kd7 38.
gxf5 gxf5 39. Ke5 {Black forfeits on time} 1-0

[Event "ICC Open 2015"]
[Site "Internet Chess Club"]
[Date "2015.05.29"]
[Round "5"]
[White "fearlessone"]
[Black "vincentparagas"]
[Result "1-0"]
[ICCResult "Black resigns"]
[WhiteElo "1711"]
[BlackElo "1585"]
[Opening "Van't Kruijs opening"]
[ECO "A00"]
[Time "20:08:37"]
[TimeControl "180+0"]

1. e3 e6 2. Ne2 d5 3. d3 c5 4. Nd2 Qb6 5. g3 Nc6 6. Bg2 Bd7 7. b3 Nf6 8. Bb2
Bd6 9. O-O h5 10. Bxf6 gxf6 11. e4 O-O-O 12. exd5 exd5 13. Bxd5 h4 14. Nc4
Qc7 15. Nxd6+ Qxd6 16. Nf4 hxg3 17. fxg3 Bh3 18. Bg2 Bxg2 19. Kxg2 Qd7 20.
c3 Kb8 21. Qf3 Ne5 22. Qe4 Ka8 23. d4 Ng4 24. h3 f5 25. Qf3 Nf6 26. Rad1
cxd4 27. Rxd4 Qb5 28. Rfd1 Rxd4 29. Rxd4 Ne4 30. Qd3 Qc6 31. Rd8+
{Black resigns}
1-0

[Event "ICC Open 2015"]
[Site "Internet Chess Club"]
[Date "2015.05.29"]
[Round "5"]
[White "Darnoc"]
[Black "ShayCormac"]
[Result "1-0"]
[ICCResult "Black checkmated"]
[WhiteElo "3010"]
[BlackElo "2443"]
[Opening "Nimzo-Indian: classical variation"]
[ECO "E32"]
[NIC "NI.20"]
[Time "20:08:55"]
[TimeControl "180+0"]

1. d4 Nf6 2. c4 e6 3. Nc3 Bb4 4. Qc2 O-O 5. a3 Bxc3+ 6. Qxc3 d6 7. Nf3 Nc6
8. e3 Qe7 9. Be2 e5 10. O-O a5 11. b3 Ne4 12. Qc2 f5 13. Bb2 Bd7 14. Rad1
Rae8 15. c5 exd4 16. cxd6 Nxd6 17. Nxd4 Nxd4 18. Bxd4 Bc6 19. Bc5 Qg5 20. g3
f4 21. exf4 Rxf4 22. Be3 Rxe3 23. fxe3 Re4 24. Bf3 h5 25. Qf2 h4 26. Bxe4
Bxe4 27. Qf8+ Kh7 28. Qf4 Qc5 29. Qxh4+ Kg8 30. Qf4 Bc6 31. Rd4 Qc2 32. Qf8+
Kh7 33. Rh4+ Kg6 34. Rg4+ Kh5 35. Qh8+ Kxg4 36. Qh4# {Black checkmated} 1-0

[Event "ICC Open 2015"]
[Site "Internet Chess Club"]
[Date "2015.05.29"]
[Round "5"]
[White "jorgeearroyo"]
[Black "bennywins"]
[Result "0-1"]
[ICCResult "White forfeits on time"]
[WhiteElo "1198"]
[BlackElo "1173"]
[Opening "Scandinavian defense"]
[ECO "B01"]
[NIC "SD.03"]
[Time "20:08:53"]
[TimeControl "180+0"]

1. e4 d5 2. exd5 Nf6 3. Nc3 Nxd5 4. Bc4 Nxc3 5. bxc3 Bf5 6. Nf3 e6 7. O-O
Nc6 8. d4 Bd6 9. Re1 O-O 10. Bg5 f6 11. Be3 Na5 12. Be2 Re8 13. c4 a6 14.
Rb1 Rb8 15. c5 Bf8 16. Qd2 Nc6 17. Rb3 Na7 18. Reb1 Qc8 19. Bxa6 bxa6 20.
Rxb8 Qxb8 21. Rxb8 Rxb8 22. h3 Rb1+ 23. Kh2 Rb2 24. Qa5 Rxc2
{White forfeits on time}
0-1

[Event "ICC Open 2015"]
[Site "Internet Chess Club"]
[Date "2015.05.29"]
[Round "5"]
[White "gmgattass"]
[Black "MaestroASK"]
[Result "0-1"]
[ICCResult "White resigns"]
[WhiteElo "2264"]
[BlackElo "2617"]
[Opening "Robatsch defense: two knights, Suttles variation"]
[ECO "B07"]
[NIC "VO.17"]
[Time "20:09:10"]
[TimeControl "180+0"]

1. e4 d6 2. Nf3 g6 3. d4 Bg7 4. Nc3 c6 5. h3 e5 6. a4 Nd7 7. g4 Ngf6 8. Bg2
h5 9. g5 Nh7 10. h4 O-O 11. Be3 a5 12. Qd2 Re8 13. dxe5 dxe5 14. O-O-O Qe7
15. Kb1 Nhf8 16. Qd6 Qxd6 17. Rxd6 Ne6 18. Rhd1 Ndc5 19. b3 Bf8 20. Bxc5
Nxc5 21. Rd8 Bg4 22. Rxa8 Rxa8 23. Rd2 Bxf3 24. Bxf3 Be7 25. Kb2 Kf8 26. Nd1
Ke8 27. Be2 Ne6 28. Bc4 Nf4 29. f3 f6 30. gxf6 Bxf6 31. Rh2 Ke7 32. Ne3 Rd8
33. Kc1 Kf8 34. Bf1 Re8 35. Nc4 Bd8 36. Nd6 Re7 37. Nc8 Rd7 38. Bc4 Bc7 39.
c3 Rd8 40. Na7 Bb6 41. Nxc6 bxc6 42. Kc2 Ke7 43. b4 axb4 44. cxb4 Bd4 45.
Kb3 Kf6 46. a5 Rb8 47. Ka4 Bc3 48. b5 cxb5+ 49. Bxb5 Ne6 50. a6 Nc5+ 51. Ka3
Rxb5 {White resigns} 0-1

[Event "ICC Open 2015"]
[Site "Internet Chess Club"]
[Date "2015.05.29"]
[Round "5"]
[White "Snooze"]
[Black "Ernie1"]
[Result "1-0"]
[ICCResult "Black forfeits on time"]
[WhiteElo "1915"]
[BlackElo "1359"]
[Opening "Caro-Kann: Forgács variation"]
[ECO "B15"]
[NIC "CK.06"]
[Time "20:08:43"]
[TimeControl "180+0"]

1. e4 c6 2. d4 d5 3. Nd2 dxe4 4. Nxe4 Nf6 5. Nxf6+ exf6 6. Bc4 Be6 7. Bxe6
fxe6 8. Nf3 Kf7 9. O-O Bd6 10. Re1 Qc7 11. h3 Re8 12. c4 b6 13. Qc2 Kg8 14.
d5 exd5 15. Rxe8+ Bf8 16. cxd5 Kf7 17. Re2 Bd6 18. dxc6 Qxc6 19. Qxh7 Qb5
20. Qe4 Qc6 21. Bd2 Qxe4 22. Rxe4 Nc6 23. Bc3 Re8 24. Rxe8 Kxe8 25. Re1+ Kf7
26. Nd4 Ne5 27. f4 Nc4 28. f5 Be5 29. g4 Bxd4+ 30. Bxd4 a6 31. Rc1 b5 32. b3
{Black forfeits on time}
1-0

[Event "ICC Open 2015"]
[Site "Internet Chess Club"]
[Date "2015.05.29"]
[Round "5"]
[White "blackending"]
[Black "eltigrecu"]
[Result "1-0"]
[ICCResult "Black checkmated"]
[WhiteElo "1688"]
[BlackElo "2031"]
[Opening "Sicilian: Sveshnikov variation"]
[ECO "B33"]
[NIC "SI.38"]
[Time "20:08:10"]
[TimeControl "180+0"]

1. e4 c5 2. Nf3 Nc6 3. d4 cxd4 4. Nxd4 Nf6 5. Nc3 e5 6. Ndb5 d6 7. Bg5 a6 8.
Bxf6 gxf6 9. Na3 b5 10. Nd5 f5 11. Bd3 Be6 12. O-O Rg8 13. Kh1 f4 14. c4 b4
15. Nc2 a5 16. Rc1 Rc8 17. b3 Qh4 18. Be2 Bh6 19. Qd3 f3 20. Bxf3 Bxc1 21.
Rxc1 Ne7 22. Nxe7 Kxe7 23. Rd1 Rcd8 24. Ne3 Qxf2 25. Nd5+ Bxd5 26. Qxd5 Qc5
27. Qb7+ Rd7 28. Qa6 Ra7 29. Qb5 Qxb5 30. cxb5 Rb7 31. Be2 Rc8 32. Bc4 f6
33. h3 a4 34. Rd5 axb3 35. axb3 Ra8 36. Kh2 Ra2 37. Rd3 Re2 38. Rg3 Rc2 39.
Rg7+ Kf8 40. Rxb7 Rxc4 41. bxc4 b3 42. Ra7 b2 43. b6 b1=Q 44. b7 Qb6 45.
Ra8+ Kg7 46. b8=Q Qe3 47. Qg8+ Kh6 48. Qf8+ Kh5 49. Qf7+ Kg5 50. Qg7+ Kf4
51. Qg4# {Black checkmated} 1-0

[Event "ICC Open 2015"]
[Site "Internet Chess Club"]
[Date "2015.05.29"]
[Round "5"]
[White "olimpus"]
[Black "golpeador"]
[Result "1-0"]
[ICCResult "Black resigns"]
[WhiteElo "2743"]
[BlackElo "2431"]
[Opening "Benko's opening"]
[ECO "A00"]
[NIC "RE.06"]
[Time "20:09:38"]
[TimeControl "180+0"]

1. g3 d5 2. Bg2 c6 3. Nf3 Nf6 4. c4 Bf5 5. O-O e6 6. d3 Be7 7. cxd5 exd5 8.
Nc3 O-O 9. Qb3 Qb6 10. Qc2 h6 11. e4 dxe4 12. dxe4 Bh7 13. Be3 Qa6 14. Nd4
Nbd7 15. Rfd1 Nb6 16. b3 Rfd8 17. h3 Nbd5 18. Nxd5 Nxd5 19. Nf5 Bxf5 20.
exf5 Nxe3 21. fxe3 Bf6 22. Rab1 Qb6 23. Qf2 Re8 24. Rd7 Rad8 25. Rbd1 Rxd7
26. Rxd7 Rxe3 27. Rxb7 Re1+ 28. Bf1 Qxb7 29. Qxe1 Bd4+ 30. Kh2 Qd7 31. Qe4
c5 32. Bd3 Qd6 33. f6 Bxf6 34. Qe8+ Qf8 35. Bh7+ Kxh7 36. Qxf8 {Black
resigns} 1-0

[Event "ICC Open 2015"]
[Site "Internet Chess Club"]
[Date "2015.05.29"]
[Round "5"]
[White "LMLLM"]
[Black "BonifaceVIII"]
[Result "0-1"]
[ICCResult "White resigns"]
[WhiteElo "2432"]
[BlackElo "2477"]
[Opening "QGD: Charousek (Petrosian) variation"]
[ECO "D31"]
[NIC "QP.08"]
[Time "20:09:12"]
[TimeControl "180+0"]

1. d4 d5 2. c4 e6 3. Nc3 Be7 4. cxd5 exd5 5. Nf3 Nf6 6. Qc2 c6 7. Bg5 O-O 8.
e3 Nbd7 9. Bd3 Re8 10. O-O g6 11. Rab1 a6 12. b4 Nh5 13. Bxe7 Qxe7 14. a4
Nhf6 15. Rfd1 a5 16. b5 c5 17. dxc5 Nxc5 18. Nd4 Be6 19. b6 Rac8 20. Qd2
Nxd3 21. Qxd3 Rc4 22. Ncb5 Rxa4 23. Nc7 Ra3 24. Rb3 Rxb3 25. Nxb3 Rd8 26.
Nxa5 Ne4 27. Nxb7 Rb8 28. Nxd5 Bxd5 29. Qxd5 Rxb7 30. Qc6 Nf6 31. Rd6 Rd7
32. Rd4 Rxd4 {White resigns} 0-1

[Event "ICC Open 2015"]
[Site "Internet Chess Club"]
[Date "2015.05.29"]
[Round "5"]
[White "YHWH"]
[Black "ncc-1701"]
[Result "0-1"]
[ICCResult "White checkmated"]
[WhiteElo "1551"]
[BlackElo "2056"]
[Opening "QGD: Neo-orthodox variation, 7.Bh4"]
[ECO "D56"]
[NIC "QO.13"]
[Time "20:09:06"]
[TimeControl "180+0"]

1. d4 Nf6 2. c4 e6 3. Nc3 d5 4. Bg5 Be7 5. Nf3 h6 6. Bh4 O-O 7. e3 Nbd7 8.
Rc1 c6 9. Bd3 dxc4 10. Bxc4 Nb6 11. Bb3 Nfd5 12. Bxe7 Qxe7 13. O-O Bd7 14.
Re1 Rac8 15. Qd3 c5 16. dxc5 Rxc5 17. a3 Nxc3 18. Rxc3 Bb5 19. Qc2 Rxc3 20.
Qxc3 Rc8 21. Qe5 Bc6 22. Nd4 Be8 23. Bc2 Nd5 24. Bb1 Nf6 25. h3 Qc5 26. Qf4
Qb6 27. b4 Ba4 28. g4 Qc7 29. Qf3 Bc6 30. Nxc6 Qxc6 31. Qg3 Qc3 32. g5 Qxe1+
33. Kg2 hxg5 34. Bd3 Rc1 35. Kf3 Qh1+ 36. Ke2 Qd1# {White checkmated} 0-1